 Dungeon Crawl Stone Soup version 0.25-a0-661-g55ea3d2 (webtiles) character file.

Game seed: 15266345066097323695, levelgen mode: deterministic

217 Faca the Skirmisher (level 6, -6/51 HPs)
             Began as a Human Fighter on Mar 23, 2020.
             Was an Initiate of Okawaru.
             Mangled by a hippogriff (9 damage)
             ... on level 4 of the Dungeon.
             The game lasted 00:05:00 (2957 turns).

Faca the Skirmisher (Human Fighter)                 Turns: 2957, Time: 00:05:01

Health: -6/51      AC:  7    Str: 18    XL:     6   Next: 16%
Magic:  6/6        EV:  7    Int:  9    God:    Okawaru [......]
Gold:   175        SH: 10    Dex: 14    Spells: 5/5 levels left

rFire    . . .     SeeInvis .   a - +0 long sword
rCold    . . .     Gourm    .   c - +1 kite shield
rNeg     . . .     Faith    .   b - +0 scale mail
rPois    .         Spirit   .   (no helmet)
rElec    .         Reflect  .   g - +0 cloak
rCorr    .         Harm     .   (no gloves)
MR       .....                  (no boots)
Stlth    ..........             (no amulet)
HPRegen  0.17/turn              n - +2 ring of dexterity
MPRegen  0.10/turn              (no ring)

@: no status effects
A: no striking features
a: Renounce Religion


You were on level 4 of the Dungeon.
You worshipped Okawaru.
Okawaru was noncommittal.
You were not hungry.

You visited 1 branch of the dungeon, and saw 4 of its levels.

You collected 175 gold pieces.

Inventory:

Hand Weapons
 a - a +0 long sword (weapon)
Armour
 b - a +0 scale mail (worn)
 c - a +1 kite shield (worn)
 g - a +0 cloak (worn)
Jewellery
 n - a +2 ring of dexterity (left hand)
Potions
 d - a potion of might
 e - a potion of curing
 k - a potion of lignification
 o - 2 potions of berserk rage
Comestibles
 f - 5 rations
 h - a chunk of flesh


   Skills:
 + Level 5.0 Fighting
 + Level 4.4 Long Blades
 - Level 3.0 Armour
 - Level 3.0 Shields


You had 5 spell levels left.
You didn't know any spells.
Your spell library was empty.

Dungeon Overview and Level Annotations

Branches:
Dungeon (4/15)
 Temple: D:4-7

Altars:
Dithmenos
Makhleb
Okawaru
Ru
Vehumet
Xom
Zin
The Shining One

Annotations:
D:3 3 runed translucent doors, Rydian's ghost, amateur MiMo


Message History

* * * LOW HITPOINT WARNING * * *
You block the hippogriff's attack.
You barely miss the hippogriff.
The hippogriff is moderately wounded.
The hippogriff bites you.
* * * LOW HITPOINT WARNING * * *
The hippogriff pecks you.
* * * LOW HITPOINT WARNING * * *
The hippogriff claws you but does no damage.
You hit the hippogriff.
The hippogriff is heavily wounded.
The hippogriff bites you but does no damage.
The hippogriff pecks you but does no damage.
The hippogriff claws you but does no damage.
You hit the hippogriff.
The hippogriff is heavily wounded.
You block the hippogriff's attack. The hippogriff pecks you.
* * * LOW HITPOINT WARNING * * *
You block the hippogriff's attack. The hippogriff bites you!
You die...

.... ## ......#
#.# .....). ##..
....... ...
.......
#H##...>... #
#.@)....... ...
#####........#
....#.#.##........
...........#.##...
..#......##.....
##.##..##.....
##...##.........
#......<........
#................


You could see a hippogriff.

Vanquished Creatures
  An orc wizard (D:2)
  A centaur skeleton (D:2)
  A worker ant (D:4)
  4 adders
  2 worms
  2 dart slugs
  2 leopard geckos
  6 orcs
  5 giant cockroaches
  9 goblins
  7 hobgoblins
  8 jackals
  2 quokkas
  6 bats
  6 frilled lizards
  11 kobolds
  7 rats
80 creatures vanquished.

Notes
Turn   | Place    | Note
-------+----------+-------------------------------------------
     0 | D:1      | Faca the Human Fighter began the quest for the Orb.
     0 | D:1      | Reached XP level 1. HP: 18/18 MP: 1/1
    48 | D:1      | Reached XP level 2. HP: 17/24 MP: 2/2
   354 | D:1      | Reached XP level 3. HP: 25/29 MP: 3/3
   843 | D:2      | Found a shadowy altar of Dithmenos.
   877 | D:2      | Reached skill level 4 in Fighting
   877 | D:2      | Reached XP level 4. HP: 24/37 MP: 4/4
  1318 | D:2      | Found an iron altar of Okawaru.
  1324 | D:2      | Became a worshipper of Warmaster Okawaru
  1355 | D:2      | Found a sacrificial altar of Ru.
  1377 | D:2      | Reached XP level 5. HP: 30/43 MP: 5/5
  1760 | D:2      | Found a radiant altar of Vehumet.
  1930 | D:3      | Found a shimmering altar of Xom.
  1930 | D:3      | Found a glowing silver altar of Zin.
  1930 | D:3      | Noticed an angel
  2250 | D:3      | Found a glowing golden altar of the Shining One.
  2288 | D:3      | Found a burning altar of Makhleb.
  2797 | D:3      | Reached XP level 6. HP: 50/50 MP: 6/6
  2888 | D:3      | Found a runed translucent gate.
  2888 | D:3      | Noticed Rydian's ghost (amateur MiMo)
  2890 | D:3      | Found a runed translucent gate.
  2891 | D:3      | Found a runed translucent gate.
  2932 | D:4      | Noticed a hippogriff
  2934 | D:4      | Reached skill level 5 in Fighting
  2957 | D:4      | Mangled by a hippogriff

Levels and vault maps discovered:
D:1:      scummos_arrival_star, layout_loops_cross
D:2:      layout_loops_cross, fiery_altar_vehumet,
          nicolae_dithmenos_shadow_blocks, nicolae_ru_great_annihilating_truth,
          okawaru_ov_weapons_minmay
D:3:      layout_rooms, lemuel_round_altar,
          grunt_temple_overflow_order_and_chaos_1, ebering_ghost_rock_garden,
          bloody_makhleb
D:4:      layout_cave_pools, minmay_temple_entry_offerings,
          ebering_ghost_disaster_area, serial_shops, nicolae_shop_crystal

Skill      XL: |  1  2  3  4  5  6 |
---------------+-------------------+-----
Long Blades    | 3 4 |  4.4
Fighting       | 4 5 |  5.0
Armour         | |  3.0
Shields        | |  3.0

Action                   |  1- 3 |  4- 6 || total
-------------------------+-------+-------++-------
Melee: Long sword        |    95 |   205 ||   300
  Use: Scroll            |     2 |     5 ||     7
       Potion            |       |     1 ||     1
 Stab: Paralysed         |       |     1 ||     1
       Invisible         |       |     2 ||     2
  Eat: Chunk             |       |     7 ||     7
Armor: Scale mail        |    52 |   113 ||   165
Dodge: Dodged            |    33 |    70 ||   103
Block: Kite shield       |    50 |   116 ||   166
       Rpst.: Long sword |     9 |    28 ||    37

Table legend:
 A = Non-vault XP
 B = Vault XP
 C = Vault XP percentage of total XP
 D = Non-vault monster count
 E = Vault monster count
 F = Vault count percentage of total count
                 A         B        C        D         E       F
            +---------+---------+-------+---------+---------+-------
      Total |     263 |      47 |  15.2 |      76 |       4 |   5.0
            +---------+---------+-------+---------+---------+-------
        D:1 |      47 |       0 |   0.0 |      27 |       0 |   0.0
        D:2 |      82 |      47 |  36.4 |      19 |       4 |  17.4
        D:3 |      97 |       0 |   0.0 |      28 |       0 |   0.0
        D:4 |      37 |       0 |   0.0 |       2 |       0 |   0.0
            +---------+---------+-------+---------+---------+-------
